 Dungeon Crawl Stone Soup version 0.19.4 (webtiles) character file.

686000 Steam the Metallomancer (level 27, -6/140 HPs)
             Began as a Gargoyle Earth Elementalist on Feb 3, 2017.
             Was the Champion of Vehumet.
             Mangled by a death drake (13 damage)
             ... summoned by a white draconian caller
             ... on level 4 of the Realm of Zot on Feb 4, 2017.
             The game lasted 11:05:16 (120117 turns).

Steam the Metallomancer (GrEE)                    Turns: 120117, Time: 11:05:18

Health: -6/140     AC: 35    Str: 15    XL:     27
Magic:  47/47      EV: 21    Int: 35    God:    Vehumet [******]
Gold:   3493       SH: 14    Dex: 15    Spells: 13 memorised, 9 levels left

rFire  + + .     SeeInvis .     O - +3 Elemental Staff {rElec rF++ rC++ MR++ AC+5}
rCold  + + .     Gourm    .     M - +2 robe {Archmagi}
rNeg   + . .     Faith    .     L - +3 buckler
rPois  ∞         Spirit   .     W - +0 helmet "Qeer" {rPois rF- Int+8 Dex+5}
rElec  +         Reflect  +     (no cloak)
rCorr  .         Harm     .     s - +2 pair of gloves {Str+3}
MR     +++++                    a - +2 pair of boots
Stlth  +++.......               b - +5 amulet of reflection
                                E - ring of protection from fire
                                y - ring of stealth

@: about to teleport, flying, very slightly contaminated, hasted and slowed
A: big wings, deformed body, frail 2, magic resistance 1, negative energy
resistance 1, electricity resistance, weak 1, unbreathing, petrification
resistance, rot immunity, MP-powered wands, AC +20
a: Stop Flying, Renounce Religion
}: 3/15 runes: decaying, serpentine, silver


You were on level 4 of the Realm of Zot.
You worshipped Vehumet.
Vehumet was exalted by your worship.
You were not hungry.

You visited 11 branches of the dungeon, and saw 52 of its levels.

You collected 9642 gold pieces.
You spent 6149 gold pieces at shops.

Inventory:

Hand Weapons
 O - the +3 Elemental Staff (weapon) {rElec rF++ rC++ MR++ AC+5}
   (You found it on level 3 of the Snake Pit)

   It affects your AC (+5).
   It greatly protects you from fire.
   It greatly protects you from cold.
   It insulates you from electricity.
   It affects your resistance to hostile enchantments.
Armour
 a - a +2 pair of boots (worn)
 s - a +2 pair of gloves of strength (worn)
 L - a +3 buckler (worn)
 M - a +2 robe of the Archmagi (worn)
 W - the +0 helmet "Qeer" (worn) {rPois rF- Int+8 Dex+5}
   (You found it on level 2 of the Snake Pit)

   It affects your intelligence (+8).
   It affects your dexterity (+5).
   It makes you vulnerable to fire.
   It protects you from poison.
Magical Staves
 I - an uncursed staff of earth
 Z - an uncursed staff of energy
Jewellery
 b - a +5 amulet of reflection (around neck)
 f - the ring "Yvoug" {Ice rElec MP+9 Str-2 Int+7}
   (You acquired it on level 1 of the Elven Halls)

   [ring of ice]

   It enhances your ice magic.
   It affects your strength (-2).
   It affects your intelligence (+7).
   It makes you vulnerable to fire.
   It protects you from cold.
   It insulates you from electricity.
   It affects your magic capacity (+9).
 p - an uncursed amulet of magic regeneration
 v - an uncursed ring of magical power
 y - a ring of stealth (left hand)
 A - an uncursed ring of protection from magic
 E - a ring of protection from fire (right hand)
 T - an uncursed ring of positive energy
 U - an uncursed ring of protection from cold
 V - an uncursed ring of wizardry
 X - an uncursed ring of see invisible
Wands
 e - a wand of lightning (11/15) (quivered)
 n - a wand of paralysis (14/24)
 G - a wand of hasting (0/9)
 Q - a wand of teleportation (3/9)
 S - a wand of digging (7/24)
Scrolls
 c - 21 scrolls of identify
 m - 6 scrolls of magic mapping
 o - a scroll of holy word
 q - a scroll of immolation
 w - a scroll of enchant armour
 z - 3 scrolls of recharging
 C - 27 scrolls of remove curse
 D - a scroll of teleportation
Potions
 g - 2 potions of brilliance
 i - 2 potions of invisibility
 j - 2 potions of beneficial mutation
 l - 4 potions of cure mutation
 r - 4 potions of resistance
 t - a potion of magic
 u - 15 potions of curing
 H - 6 potions of cancellation
 J - 5 potions of agility
Books
 B - a book of the Earth

   Spells                             Type                      Level
   a - Leda's Liquefaction            Hexes/Earth                  4
   b - Bolt of Magma                  Conjuration/Fire/Earth       5
   c - Statue Form                    Transmutation/Earth          6
   d - Iron Shot                      Conjuration/Earth            6
   e - Shatter                        Earth                        9
Miscellaneous
 x - a fan of gales
 N - a disc of storms
 Y - a lamp of fire
Comestibles
 d - 8 bread rations
 k - 3 fruits
 K - a royal jelly
 P - 2 chunks of flesh


   Skills:
 - Level 18.8 Fighting
   Level 1.3(8.6) Maces & Flails
 - Level 13.0 Staves
 - Level 12.7 Dodging
 - Level 2.2 Stealth
 - Level 6.1 Shields
 - Level 20.8 Spellcasting
 + Level 22.1 Conjurations
 - Level 0.7 Transmutations
 - Level 17.7 Fire Magic
 + Level 23.3 Earth Magic
 + Level 18.3 Evocations


You had 9 spell levels left.
You knew the following spells:

 Your Spells              Type           Power        Failure   Level  Hunger
a - Sandblast             Erth           ######       0%          1    None
b - Stone Arrow           Conj/Erth      ######       0%          3    None
c - Throw Flame           Conj/Fire      ######       0%          2    None
d - Lee's Rapid Deconstr  Erth           ########..   0%          5    None
e - Sticky Flame          Conj/Fire      ########     0%          4    None
f - Passwall              Tmut/Erth      ########..   0%          2    None
g - Petrify               Tmut/Erth      ########     1%          4    None
h - Iron Shot             Conj/Erth      ########..   1%          6    None
i - Fireball              Conj/Fire      ########..   0%          5    None
j - Orb of Destruction    Conj           ########..   1%          7    None
k - Shatter               Erth           ########..   2%          9    #####..
l - Delayed Fireball      Conj/Fire      N/A          1%          7    None
m - Lehudib's Crystal Sp  Conj/Erth      ########..   1%          8    ###....


Dungeon Overview and Level Annotations

Branches:
Dungeon (15/15)            Temple (1/1) D:5            Lair (6/6) D:11
  Swamp (4/4) Lair:4        Snake (4/4) Lair:2        Slime (0/5) Lair:5
    Orc (2/2) D:9             Elf (3/3) Orc:2        Vaults (5/5) D:13
  Crypt (3/3) Vaults:3       Tomb (0/3) Crypt:3      Depths (5/5) D:15
    Zot (4/5) Depths:5

Altars:
Ashenzari
Cheibriados
Dithmenos
Elyvilon
Fedhas
Gozag
Hepliaklqana
Kikubaaqudgha
Makhleb
Nemelex Xobeh
Okawaru
Qazlal
Ru
Sif Muna
Trog
Uskayaw
Vehumet
Xom
Yredelemnul
Zin
The Shining One
Beogh
Jiyva

Shops:
D:4 !   D:9 [   D:12 *   Orc:2 :([[[   Elf:1 (?   Snake:1 *?(*?   Snake:4 =}=
Vaults:1 %[   Vaults:3 !   Vaults:4 (!(*

Portals:
Hell: Depths:1 Depths:2 Depths:3 Depths:4 Depths:5
Abyss: Depths:1 Depths:4 Depths:5
Pandemonium: Depths:3
Ziggurat: Depths:2
Trove: Elf:1 (give 4 potions of cure mutation)

Annotations:
D:4 Yarinad's ghost, amateur MiFi
D:5 exclusion: upstairs
D:7 exclusion: upstairs
D:8 exclusion: downstairs
Lair:6 2 runed doors
Orc:2 exclusion: upstairs


Innate Abilities, Weirdness & Mutations

You are resistant to torment.
Your stone body is resilient. (AC +20)
You are immune to poison.
Your large and strong wings let you fly indefinitely.
You resist negative energy. (rN+)
You are resistant to electric shocks. (rElec)
You can survive without breathing.
You are immune to petrification.
You are immune to rotting.
Armour fits poorly on your strangely shaped body.
You are very frail. (-20% HP)
You are resistant to hostile enchantments. (MR+)
You are weak. (Str -2)
You expend magic power (3 MP) to strengthen your wands.


Message History

The storm dragon barely misses you. The storm dragon claws you.
* * * LOW HITPOINT WARNING * * *
The storm dragon tramples you!
* * * LOW HITPOINT WARNING * * *
You hold your ground!
The death cob barely misses you. You block the death drake's attack.
Magic courses through your body. You block the death cob's attack.
You block the storm dragon's attack.
The storm dragon claws you but does no damage.
The storm dragon closely misses you. The death drake misses you.
You block the death cob's attack. x2; The death drake misses you.
Your magic is already full.
Okay, then.
You feel better.
The rime drake is no longer berserk.
The rime drake disappears in a puff of smoke!
The death cob closely misses you.
The death cob hits you but does no damage. x2
The storm dragon rages.
You block the death cob's attack. The death drake bites you!
You die...

######.......######...
.....................z
#....##..q............
#....#...y...%.......#
........yk.y.........#
##...$.###y....##..#
#.....###§D.....#.D.
#.....## #Dzk...... .
......# #.@zk.....
...... ######....
....# .... ...# ...
..# #. ..


You could see an iron dragon (berserk), a storm dragon (berserk), 2 death cobs,
2 death drakes and 2 moths of wrath.

Vanquished Creatures
  2 orbs of fire (Zot:1)
  A juggernaut (Depths:5)
  Sojobo (Vaults:3)
  Frederick (Vaults:3)
  Xtahua (Crypt:1)
  Margery (Crypt:3)
  A Killer Klown (Zot:4)
  A curse toe (Zot:2)
  A caustic shrike (Depths:5)
  Vashnia (Snake:4)
  Nikola (Elf:2)
  9 golden dragons
  A profane servitor (Crypt:3)
  A bone dragon (Crypt:3)
  Jory (Crypt:3)
  An electric golem (Zot:1)
  Jorgrun (Vaults:2)
  A shard shrike zombie (Crypt:2)
  25 tentacled monstrosities
  Asterion (Elf:2)
  2 liches
  The ghost of cba the Unseen, an adept OpAs of Okawaru (Swamp:4)
  9 quicksilver dragons
  3 deep elf blademasters
  2 deep elf master archers (Elf:3)
  6 sphinxes
  5 titans
  An ancient champion (Crypt:1)
  9 death cobs
  A thorn hunter (Swamp:1)
  6 draconian monks
  11 storm dragons
  10 tengu reavers
  12 shadow dragons
  16 frost giants
  A revenant (Crypt:1)
  9 fire giants
  The ghost of Kloppie the Severer, a journeyman MiFi of the Shining One (D:12)
  8 deep elf sorcerers
  7 nagarajas
  A frost giant (shapeshifter) (Vaults:3)
  3 draconian knights
  3 iron dragons
  3 ghost moths
  An orc warlord (Orc:1)
  16 vault wardens
  5 draconian scorchers
  A juggernaut zombie (Crypt:1)
  4 curse skulls
  8 draconian shifters
  8 draconian zealots
  6 deep elf elementalists
  An angel (Depths:2)
  12 ghouls
  20 ironheart preservers
  32 very ugly things
  7 draconian annihilators
  A reaper (Depths:4)
  A war gargoyle (Vaults:5)
  A draconian caller (Depths:5)
  A spriggan defender (Depths:5)
  8 vampire knights
  21 stone giants
  6 green draconians
  9 deep elf demonologists
  13 black draconians
  12 mottled draconians
  11 red draconians
  15 white draconians
  11 yellow draconians
  9 deep elf annihilators
  A spark wasp (shapeshifter) (Vaults:3)
  5 spark wasps
  11 purple draconians
  18 ettins
  16 eidola
  7 deep elf death magi
  A mummy priest (Crypt:3)
  9 fire dragons
  3 jiangshi
  A quicksilver dragon zombie (Crypt:3)
  3 deep elf high priests
  33 vault guards
  13 great orbs of eyes
  16 yaktaur captains
  5 rakshasas
  3 ghost crabs
  An ice dragon (shapeshifter) (Depths:5)
  23 naga warriors
  3 spriggan air magi
  13 ice dragons
  8 anacondas
  22 hydras
  2 quicksilver dragon skeletons (Depths:4)
  14 centaur warriors
  4 death knights
  6 tengu warriors
  A death yak (shapeshifter) (Vaults:3)
  The ghost of OmG the Prestidigitator, a novice DsAr of Nemelex Xobeh (D:13)
  10 deep troll shamans
  3 alligators
  27 ogre magi
  3 titan zombies (Crypt:3)
  5 death yaks (Lair:6)
  9 orc high priests
  29 dancing weapons
  4 spriggan berserkers
  A hell hog (shapeshifter) (Vaults:5)
  Urug (D:9)
  7 deep troll earth magi
  12 naga sharpshooters
  7 shock serpents
  A sun demon (Depths:4)
  6 vampire magi
  A shock serpent (shapeshifter) (Depths:3)
  31 deep elf knights
  Nergalle (D:12)
  4 iron trolls
  3 sixfirhies (Depths:4)
  5 soul eaters
  A titan skeleton (Crypt:3)
  A fire crab (shapeshifter) (Vaults:4)
  34 skeletal warriors
  33 hell knights
  A storm dragon zombie (Depths:4)
  3 salamander mystics
  30 deep trolls
  9 naga ritualists
  3 spriggan druids
  2 anaconda zombies (Crypt:3)
  2 glowing orange brains (shapeshifter)
  7 glowing orange brains
  A swamp dragon (shapeshifter) (Depths:5)
  6 unseen horrors
  4 shambling mangroves
  8 flayed ghosts
  7 swamp dragons
  27 deep elf archers
  Pikel (D:6)
  5 lindwurms
  A hill giant (shapeshifter) (Depths:5)
  A ghost moth zombie (Crypt:3)
  A golden dragon skeleton (Crypt:1)
  An anaconda skeleton (Crypt:3)
  23 phantasmal warriors
  A shadow dragon zombie (Crypt:3)
  A wolf spider zombie (Crypt:3)
  7 hill giants
  A lindwurm (shapeshifter) (Vaults:5)
  A mana viper (shapeshifter) (Depths:5)
  18 ironbrand convokers
  7 wizards
  5 harpies (Vaults:1)
  2 iron dragon zombies
  16 mana vipers
  57 ugly things
  11 orc knights
  19 necromancers
  8 cyclopes
  A tengu skeleton (Vaults:2)
  91 deep elf magi
  A salamander (shapeshifter) (D:15)
  18 wolf spiders
  2 frost giant zombies
  4 orc sorcerers
  A manticore (D:14)
  A sphinx skeleton (Vaults:2)
  An elephant (shapeshifter) (D:11)
  18 moths of wrath
  15 salamanders
  19 elephants
  5 guardian serpents
  Maurice (D:9)
  3 molten gargoyles (Lair:6)
  A stone giant skeleton (Vaults:3)
  47 black mambas
  A torpor snail (Lair:5)
  A gargoyle (D:10)
  15 vault sentinels
  31 naga magi
  A fire giant skeleton (Depths:3)
  A frost giant skeleton (Crypt:2)
  Psyche (D:9)
  A spiny frog (shapeshifter) (Depths:3)
  4 human skeletons
  4 rust devils (Depths:4)
  28 spiny frogs
  5 spectral swamp worms (Depths:2)
  2 orange demons (Depths:4)
  2 torpor snails (shapeshifter)
  A smoke demon (Depths:4)
  11 komodo dragons
  A yaktaur zombie (Vaults:2)
  3 rime drakes
  A catoblepas zombie (Crypt:3)
  A yaktaur (shapeshifter) (Vaults:2)
  57 yaktaurs
  2 efreet
  A spark wasp simulacrum (Depths:4)
  15 freezing wraiths
  3 hellwings (Depths:4)
  4 ice devils (Depths:4)
  2 jumping spiders (Crypt:3)
  2 tengu conjurers (Depths:4)
  A tormentor (Depths:4)
  2 hydra zombies (Crypt:3)
  4 polar bears
  A meliai (shapeshifter) (D:14)
  A red devil (Depths:4)
  A ghost moth simulacrum (Crypt:3)
  A jumping spider (shapeshifter) (Depths:2)
  32 two-headed ogres
  A merfolk (D:10)
  A hydra skeleton (Crypt:3)
  6 tyrant leeches
  10 trolls
  A wind drake (shapeshifter) (Depths:3)
  2 death drake zombies (Crypt:2)
  15 hornets
  7 bog bodies
  3 alligator zombies (Crypt:3)
  2 fire dragon zombies
  An ice dragon zombie (Crypt:3)
  4 blink frogs (Lair:6)
  A dream sheep (shapeshifter) (Vaults:3)
  An ettin zombie (Crypt:3)
  A raiju (shapeshifter) (Vaults:4)
  A snapping turtle (shapeshifter) (Vaults:5)
  2 iron dragon simulacra
  86 slime creatures
  4 dream sheep (Lair:6)
  15 hippogriffs
  2 meliai zombies
  A redback (shapeshifter) (Depths:1)
  A guardian serpent skeleton (Crypt:2)
  7 shadows
  2 ettin skeletons
  7 air elementals
  A fire dragon skeleton (Crypt:1)
  10 spriggans
  2 dire elephant simulacra
  7 water elementals
  A vampire (D:12)
  2 ushabtiu (Crypt:3)
  A spriggan (shapeshifter) (Vaults:4)
  A hog (D:10)
  43 yaks
  7 wyverns
  A ynoxinul (Depths:4)
  2 redbacks (Crypt:3)
  Grum (D:9)
  13 wraiths
  2 elf skeletons (Depths:3)
  10 basilisks
  2 hungry ghosts
  A basilisk (shapeshifter) (Depths:3)
  3 steam dragons
  2 neqoxecs (Depths:4)
  5 fire elementals
  14 vampire mosquitoes
  5 mottled dragons
  8 wargs
  A glowing shapeshifter zombie (Crypt:1)
  29 insubstantial wisps
  57 nagas
  2 soldier ants (D:12)
  6 hell hounds (Lair:6)
  28 swamp worms
  A soldier ant (shapeshifter) (Vaults:5)
  A torturous demonspawn zombie (Crypt:2)
  A hell hound (shapeshifter) (Vaults:4)
  4 floating eyes
  A floating eye (shapeshifter) (Depths:3)
  7 porcupines
  A spiny frog zombie (Crypt:3)
  12 water moccasins
  A monstrous demonspawn skeleton (Crypt:1)
  2 sky beasts (D:15)
  10 swamp drakes
  13 ice beasts
  A black bear (shapeshifter) (Vaults:4)
  A human zombie (Vaults:3)
  9 phantoms
  3 slaves (D:6)
  83 ogres
  An ogre (shapeshifter) (Vaults:5)
  46 orc warriors
  13 boggarts
  17 black bears
  An elephant zombie (Crypt:2)
  21 necrophages
  3 eyes of draining
  7 wolves
  A centaur (shapeshifter) (Depths:4)
  A tengu (shapeshifter) (Vaults:3)
  A manticore zombie (Crypt:3)
  32 centaurs
  14 crocodiles
  5 big kobolds
  28 bullfrogs
  2 gnoll sergeants
  3 earth elementals (Elf:2)
  6 scorpions
  14 wyvern skeletons
  A manticore simulacrum (Crypt:3)
  A troll zombie (Crypt:3)
  24 killer bees
  A raiju skeleton (Crypt:1)
  10 wights
  5 electric eels (D:10)
  3 howler monkeys
  12 crimson imps
  8 centaur zombies
  A yaktaur simulacrum (Vaults:1)
  5 lava snakes (Lair:6)
  A quasit (D:13)
  4 gnoll shamans (D:10)
  11 hounds
  36 orc priests
  2 bullfrog skeletons
  A human simulacrum (Vaults:2)
  4 jellies
  4 centaur skeletons
  39 orc wizards
  A demonspawn skeleton (Crypt:1)
  5 hell rats (Lair:3)
  12 iguanas
  14 worker ants
  A tengu zombie (Crypt:3)
  A naga zombie (Crypt:3)
  A felid skeleton (Crypt:1)
  An ogre skeleton (Crypt:1)
  2 hound zombies
  A mummy (Crypt:3)
  2 hound skeletons
  A howler monkey zombie (D:8)
  3 worker ant zombies (D:3)
  7 gnolls
  13 adders
  8 shadow imps
  An ooze (D:3)
  An adder zombie (D:6)
  An adder skeleton (D:3)
  2 worms (D:3)
  4 dart slugs
  11 leopard geckos
  124 orcs
  4 giant cockroaches
  10 goblins
  9 hobgoblins
  14 jackals
  5 quokkas
  2 bats (D:1)
  9 frilled lizards
  A frilled lizard skeleton (Crypt:1)
  A giant cockroach zombie (D:3)
  A jackal skeleton (D:3)
  A jackal zombie (D:3)
  28 kobolds
  2 leopard gecko skeletons
  A leopard gecko zombie (D:6)
  2 quokka skeletons
  2 quokka zombies (D:3)
  10 rats
  A butterfly (Lair:1)
  A fire vortex (Depths:4)
  6 fungi
  7 plants
  11 withered plants (Crypt:3)
3011 creatures vanquished.

Vanquished Creatures (others)
  The ghost of mora the Impregnable, an adept DDFi of Makhleb (Vaults:5)
  A stone giant (Depths:1)
  4 yaktaur captains
  A cyclops (D:13)
  2 yaktaurs
  An insubstantial wisp (Swamp:2)
  A floating eye (Depths:5)
  2 orc warriors (Vaults:5)
  A slave (D:6)
  A boggart (Vaults:2)
  2 centaurs
  A bullfrog (D:6)
  An orc priest (Orc:2)
  An orc (Orc:1)
  7 bushes (Lair:6)
  13 fungi
  16 plants
  34 withered plants (Crypt:3)
90 creatures vanquished.

Grand Total: 3101 creatures vanquished

Notes
Turn   | Place    | Note
-------+----------+-------------------------------------------
     0 | D:1      | Steam the Gargoyle Earth Elementalist began the quest for the Orb.
     0 | D:1      | Reached XP level 1. HP: 10/10 MP: 3/3
   230 | D:1      | Reached XP level 2. HP: 5/15 MP: 0/5
   390 | D:1      | Reached skill level 4 in Earth Magic
   657 | D:1      | Reached XP level 3. HP: 19/19 MP: 2/7
  1526 | D:2      | Reached XP level 4. HP: 22/24 MP: 2/9
  2024 | D:3      | Reached skill level 1 in Maces & Flails
  2024 | D:3      | Reached XP level 5. HP: 27/28 MP: 9/11
  2348 | D:3      | Found a snail-covered altar of Cheibriados.
  2798 | D:4      | Noticed a phantom
  2819 | D:4      | Killed a phantom
  2819 | D:4      | Reached XP level 6. HP: 25/32 MP: 2/13
  3022 | D:4      | Noticed an orc warrior
  3462 | D:4      | Found Puxed's Distillery.
  3466 | D:4      | Bought a potion of heal wounds for 65 gold pieces
  3466 | D:4      | Bought a potion of heal wounds for 65 gold pieces
  3466 | D:4      | Bought a potion of curing for 39 gold pieces
  3492 | D:4      | Reached skill level 5 in Spellcasting
  3725 | D:5      | Entered Level 5 of the Dungeon
  3807 | D:5      | Noticed a water moccasin
  3812 | D:5      | Killed a water moccasin
  3812 | D:5      | Reached XP level 7. HP: 26/36 MP: 9/14
  3880 | D:4      | Noticed Yarinad's ghost (amateur MiFi)
  4095 | D:5      | Found a staircase to the Ecumenical Temple.
  4415 | Temple   | Entered the Ecumenical Temple
  5190 | D:6      | Reached XP level 8. HP: 41/41 MP: 5/18
  6213 | D:7      | Noticed a spriggan baker
  6308 | D:7      | Learned a level 3 spell: Stone Arrow
  6469 | D:6      | Reached skill level 1 in Conjurations
  6472 | D:6      | Noticed Pikel
  6546 | D:6      | Killed Pikel
  6546 | D:6      | Reached skill level 5 in Conjurations
  6546 | D:6      | Reached XP level 9. HP: 42/45 MP: 5/21
  7008 | D:6      | Found a radiant altar of Vehumet.
  7014 | D:6      | Became a worshipper of Vehumet
  7100 | D:6      | Reached skill level 5 in Earth Magic
  7746 | D:7      | Reached skill level 6 in Earth Magic
  8038 | D:8      | Reached * piety under Vehumet
  8038 | D:8      | Offered knowledge of Shock by Vehumet.
  8246 | D:8      | Found a white marble altar of Elyvilon.
  8254 | D:8      | Reached XP level 10. HP: 50/50 MP: 17/23
  8726 | D:8      | Reached skill level 7 in Earth Magic
  9118 | D:4      | Offered knowledge of Throw Flame by Vehumet.
  9125 | D:4      | Learned a level 2 spell: Throw Flame
  9358 | D:4      | Reached ** piety under Vehumet
  9373 | D:4      | Reached skill level 10 in Spellcasting
  9880 | D:9      | Found Ovvobra's Armour Shop.
  9880 | D:9      | Found a staircase to the Orcish Mines.
  9889 | D:9      | Bought a +0 cloak of magic resistance for 138 gold pieces
  9917 | D:9      | Noticed Grum
  9947 | D:9      | Killed Grum
 10355 | D:9      | Noticed Psyche
 10630 | D:9      | Reached skill level 8 in Earth Magic
 10669 | D:9      | Offered knowledge of Throw Frost by Vehumet.
 10703 | D:9      | Noticed Maurice
 10728 | D:10     | Entered Level 10 of the Dungeon
 10926 | D:10     | Reached XP level 11. HP: 52/54 MP: 22/25
 11103 | D:10     | Reached *** piety under Vehumet
 11308 | D:10     | Learned a level 5 spell: Lee's Rapid Deconstruction
 11607 | D:10     | Killed an unseen horror
 11944 | D:10     | Noticed a white ugly thing
 12092 | D:9      | Killed Maurice
 12753 | D:9      | Killed Psyche
 12753 | D:9      | Offered knowledge of Sticky Flame by Vehumet.
 12759 | D:9      | Learned a level 4 spell: Sticky Flame
 12853 | D:9      | Found a bloodstained altar of Trog.
 13616 | D:9      | Noticed a six-headed hydra
 13829 | D:9      | Killed a six-headed hydra
 14517 | Orc:1    | Entered Level 1 of the Orcish Mines
 14517 | Orc:1    | Noticed Urug
 14517 | Orc:1    | Noticed an orc high priest
 14684 | Orc:1    | Noticed an orc knight
 14687 | Orc:1    | Noticed an ettin
 15109 | D:9      | Found a staircase to the Orcish Mines.
 15494 | D:9      | Killed an orc high priest
 15684 | D:9      | Found Ovvobra's Armour Shop.
 15825 | D:9      | Found a bloodstained altar of Trog.
 15882 | D:9      | Noticed an ettin
 15987 | D:9      | Killed an ettin
 16408 | D:9      | Learned a level 2 spell: Passwall
 16413 | D:9      | Learned a level 4 spell: Petrify
 16799 | D:9      | Killed an ettin
 16799 | D:9      | Reached XP level 12. HP: 58/59 MP: 11/29
 17283 | D:9      | Reached skill level 9 in Earth Magic
 17690 | D:9      | Killed Urug
 17770 | Orc:1    | Reached **** piety under Vehumet
 18168 | Orc:1    | Noticed an orc high priest
 18172 | Orc:1    | Killed an orc high priest
 18355 | Orc:1    | Offered knowledge of Airstrike by Vehumet.
 18539 | Orc:1    | Found a roughly hewn altar of Beogh.
 18672 | Orc:1    | Found a roughly hewn altar of Beogh.
 18990 | Orc:2    | Entered Level 2 of the Orcish Mines
 19014 | Orc:2    | Found Cucsuept's Armour Shoppe.
 19156 | Orc:2    | Noticed an orc high priest
 19165 | Orc:2    | Killed an orc high priest
 19165 | Orc:2    | Reached skill level 10 in Earth Magic
 19176 | Orc:2    | Noticed an orc high priest
 19289 | Orc:1    | Noticed an orc warlord
 19322 | Orc:2    | Killed an orc high priest
 19605 | Orc:2    | Bought a +0 pair of boots for 58 gold pieces
 19711 | Orc:2    | Reached ***** piety under Vehumet
 19711 | Orc:2    | Offered knowledge of Lightning Bolt by Vehumet.
 21052 | Orc:2    | Noticed an orc high priest
 21053 | Orc:2    | Killed an orc high priest
 21053 | Orc:2    | Reached skill level 15 in Spellcasting
 21064 | Orc:2    | Reached XP level 13. HP: 63/63 MP: 20/32
 21072 | Orc:2    | Reached skill level 11 in Earth Magic
 21308 | Orc:2    | Found a staircase to the Elven Halls.
 21603 | Orc:2    | Found Cusaurph's Armour Emporium.
 21807 | Orc:2    | Found Jauth's Book Shoppe.
 21807 | Orc:2    | Found Soogil's Antique Weapon Shoppe.
 21810 | Orc:2    | Found Sykuoshi's Armour Emporium.
 22568 | Orc:2    | Bought a book of the Earth for 1040 gold pieces
 22575 | Orc:2    | Learned a level 6 spell: Iron Shot
 22594 | Elf:1    | Entered Level 1 of the Elven Halls
 22749 | Elf:1    | Reached skill level 1 in Fighting
 22990 | Elf:1    | Found a magical portal.
 23689 | Elf:1    | Noticed a deep elf sorcerer
 23690 | Elf:1    | Killed a deep elf sorcerer
 23690 | Elf:1    | Reached skill level 5 in Fighting
 23836 | Elf:1    | Identified Ahegoti's Disquisition on the Escort
 23849 | Elf:1    | Found Syupun's Magic Scroll Boutique.
 23857 | Elf:1    | Bought a scroll of teleportation for 48 gold pieces
 23859 | Elf:1    | Found Jetzumua's Antique Weapon Shoppe.
 24318 | Elf:2    | Identified the Handbook of Combed Thunderclap
 24425 | Elf:2    | Identified Zem Qias's Handbook of Axaxaxas mlö
 24436 | Elf:2    | Identified Roxanne's Tome of Dhcmrlchtdj
 24711 | Elf:2    | Gained mutation: Your large and strong wings let you fly indefinitely. [Gargoyle growth]
 24711 | Elf:2    | Reached XP level 14. HP: 82/82 MP: 20/34
 25086 | Elf:2    | Offered knowledge of Ozocubu's Refrigeration by Vehumet.
 25371 | Elf:2    | Found a runed gate.
 25375 | Elf:2    | Found a runed gate.
 25377 | Elf:2    | Found a runed gate.
 25613 | Elf:2    | Got a pitted leather armour
 25701 | Elf:3    | Entered Level 3 of the Elven Halls
 26613 | Elf:3    | Noticed a deep elf elementalist
 27052 | Elf:3    | Killed a deep elf elementalist
 29352 | D:10     | Offered knowledge of Freezing Cloud by Vehumet.
 29352 | D:10     | Reached XP level 15. HP: 90/90 MP: 32/36
 29448 | D:10     | Reached skill level 12 in Earth Magic
 29878 | D:10     | Identified the +1 leather armour "Gumeucar" {rN+++ MR- Str-5 SInv} (You found it on level 2 of the Elven Halls)
 29944 | D:10     | Found an opulent altar of Gozag.
 31131 | D:10     | Reached skill level 10 in Fighting
 31749 | D:11     | Got an encrusted great sword
 32088 | D:11     | Found a staircase to the Lair.
 32241 | D:11     | Reached skill level 13 in Earth Magic
 32472 | D:9      | Bought a +2 robe of the Archmagi for 452 gold pieces
 32594 | Lair:1   | Entered Level 1 of the Lair of Beasts
 33150 | Lair:1   | Reached skill level 5 in Shields
 34011 | Lair:2   | Found a staircase to the Snake Pit.
 36280 | Lair:4   | Reached skill level 14 in Earth Magic
 36425 | Lair:4   | Offered knowledge of Bolt of Draining by Vehumet.
 36714 | Lair:4   | Found a staircase to the Swamp.
 37547 | Lair:5   | Learned a level 5 spell: Fireball
 37615 | Lair:5   | Found a staircase to the Slime Pits.
 37615 | Lair:5   | Found a viscous altar of Jiyva.
 37667 | Lair:5   | Reached skill level 1 in Fire Magic
 38420 | Lair:6   | Entered Level 6 of the Lair of Beasts
 38992 | Lair:5   | Reached XP level 16. HP: 100/100 MP: 12/37
 39248 | Lair:6   | Reached skill level 5 in Fire Magic
 41554 | Lair:6   | Offered knowledge of Orb of Destruction by Vehumet.
 41563 | Lair:6   | Learned a level 7 spell: Orb of Destruction
 41756 | Lair:6   | Found a large runed door.
 41756 | Lair:6   | Found a large runed door.
 42797 | Lair:5   | Got a transparent bronze ring
 42801 | Lair:5   | Identified the cursed ring of Xom's Amusement {EV-3 Stlth+} (You found it on level 5 of the Lair of Beasts)
 42872 | Lair:5   | Reached skill level 1 in Evocations
 43250 | D:12     | Noticed Kloppie's ghost (journeyman MiFi)
 43351 | D:12     | Found Umefu's General Store.
 43432 | D:12     | Bought a lamp of fire for 520 gold pieces
 44163 | D:12     | Noticed Nergalle
 44177 | D:12     | Killed Nergalle
 44177 | D:12     | Reached skill level 10 in Conjurations
 44333 | D:12     | Found a sparkling altar of Nemelex Xobeh.
 44498 | D:12     | Offered knowledge of Poison Arrow by Vehumet.
 44743 | D:13     | Noticed OmG's ghost (novice DsAr)
 44746 | D:13     | Killed OmG's ghost
 46063 | D:13     | Reached skill level 10 in Fire Magic
 46369 | D:13     | Found a gate to the Vaults.
 46939 | D:14     | Reached XP level 17. HP: 104/104 MP: 29/39
 47892 | D:15     | Entered Level 15 of the Dungeon
 48264 | D:15     | Offered knowledge of Conjure Ball Lightning by Vehumet.
 49387 | D:15     | Found a staircase to the Depths.
 49989 | D:12     | Killed Kloppie's ghost
 50390 | Elf:1    | Found a portal to a secret trove of treasure.
 50688 | Elf:2    | Noticed a deep elf blademaster
 50694 | Elf:2    | Killed a deep elf blademaster
 51424 | Elf:2    | Noticed Nikola
 51538 | Elf:2    | Killed Nikola
 52478 | Elf:2    | Noticed Asterion
 52478 | Elf:2    | Reached XP level 18. HP: 110/110 MP: 23/40
 52796 | Elf:3    | Noticed a deep elf blademaster
 52798 | Elf:3    | Noticed a deep elf blademaster
 52801 | Elf:3    | Killed a deep elf blademaster
 52895 | Elf:2    | Reached skill level 15 in Conjurations
 53149 | Elf:3    | Reached ****** piety under Vehumet
 53251 | Elf:3    | Offered knowledge of Lehudib's Crystal Spear by Vehumet.
 53251 | Elf:3    | Offered knowledge of Glaciate by Vehumet.
 53251 | Elf:3    | Offered knowledge of Tornado by Vehumet.
 53397 | Elf:3    | Killed a deep elf blademaster
 53832 | Elf:3    | Noticed a deep elf master archer
 53834 | Elf:3    | Killed a deep elf master archer
 54467 | D:9      | Gained mutation: Your spells are a little harder to cast, but a little more powerful. [potion of beneficial mutation]
 54482 | D:9      | Identified a scroll of acquirement
 54830 | Elf:3    | Identified the Compendium of Harmful Fire
 55155 | Elf:3    | Got a pair of bloodstained gloves
 55161 | Elf:3    | Identified the cursed -1 pair of gloves of the Tormentor {rPois rC+ Stlth+} (You found it on level 3 of the Elven Halls)
 55284 | Elf:3    | Got a brightly glowing arbalest
 55290 | Elf:3    | Identified the +3 arbalest "Beyleasm" {penet, -Tele *Contam Str+5 Dex+10} (You found it on level 3 of the Elven Halls)
 55358 | Elf:3    | Gained mutation: You have sharp toenails. [mutagenic glow]
 55495 | Elf:3    | Got a bloodstained robe
 55510 | Elf:3    | Noticed a deep elf master archer
 55814 | Elf:3    | Killed a deep elf master archer
 55986 | Elf:3    | Identified the +3 robe of Virtue {+Fly rPois rC+ Dex+3} (You took it off a deep elf demonologist on level 3 of the Elven Halls)
 56047 | Elf:3    | Got a crude cloak
 56058 | Elf:3    | Identified the +2 cloak of a bailey {Str-2 Int-2 Dex+10 Stlth+} (You found it on level 3 of the Elven Halls)
 56214 | Elf:2    | Killed Asterion
 56601 | Elf:1    | Bought a scroll of identify for 32 gold pieces
 56601 | Elf:1    | Bought a scroll of identify for 32 gold pieces
 56601 | Elf:1    | Bought a scroll of identify for 32 gold pieces
 56601 | Elf:1    | Bought a scroll of identify for 32 gold pieces
 56608 | Elf:1    | Bought a scroll of identify for 32 gold pieces
 56789 | D:12     | Bought a scroll of recharging for 123 gold pieces
 56789 | D:12     | Bought a scroll of recharging for 123 gold pieces
 57396 | Snake:1  | Entered Level 1 of the Snake Pit
 57563 | Snake:1  | Found Girgh's Assorted Antiques.
 57764 | Snake:1  | Bought a pair of embroidered gloves for 220 gold pieces
 57786 | Snake:1  | Found Joeno's Magic Scroll Boutique.
 57793 | Snake:1  | Bought a scroll of blinking for 112 gold pieces
 57802 | Snake:1  | Found Puyt's Magic Scroll Emporium.
 57838 | Snake:1  | Found Kudali's General Store.
 58035 | Snake:1  | Found an ancient bone altar of Kikubaaqudgha.
 58189 | Snake:1  | Reached XP level 19. HP: 115/115 MP: 37/42
 58261 | Snake:1  | Found Yceveosk's Antique Weapon Shoppe.
 59806 | Snake:2  | Got a steaming helmet
 59818 | Snake:2  | Identified the +0 helmet "Qeer" {rPois rF- Int+8 Dex+5} (You found it on level 2 of the Snake Pit)
 60648 | Snake:3  | Identified a +6 rod of ignition (10/10) (You took it off a deep elf demonologist on level 3 of the Elven Halls)
 60911 | Snake:3  | Lost mutation: You have sharp toenails. [potion of cure mutation]
 60911 | Snake:3  | Lost mutation: Your spells are a little harder to cast, but a little more powerful. [potion of cure mutation]
 61901 | Snake:4  | Entered Level 4 of the Snake Pit
 62150 | Snake:4  | Reached skill level 15 in Earth Magic
 62928 | Snake:4  | Reached skill level 16 in Earth Magic
 63383 | Snake:4  | Reached XP level 20. HP: 120/120 MP: 29/44
 63940 | Snake:4  | Reached skill level 17 in Earth Magic
 64139 | Snake:4  | Noticed Vashnia
 64402 | Snake:4  | Killed Vashnia
 64813 | Snake:4  | Got a serpentine rune of Zot
 65160 | Snake:4  | Found Fopteulu's Jewellery Shop.
 65160 | Snake:4  | Found Melonot's Gadget Shoppe.
 65161 | Snake:4  | Found Vulyiphocoekk's Jewellery Shop.
 65180 | Snake:4  | Bought a +3 amulet of reflection for 425 gold pieces
 65209 | Snake:4  | Reached skill level 18 in Earth Magic
 65696 | Swamp:1  | Entered Level 1 of the Swamp
 67625 | Swamp:2  | Reached skill level 19 in Earth Magic
 68943 | Swamp:4  | Entered Level 4 of the Swamp
 70104 | Swamp:4  | Reached skill level 20 in Earth Magic
 70558 | Swamp:4  | Got a decaying rune of Zot
 70582 | Swamp:4  | Noticed cba's ghost (adept OpAs)
 70589 | Swamp:4  | Killed cba's ghost
 70589 | Swamp:4  | Reached XP level 21. HP: 125/125 MP: 26/45
 71296 | D:9      | Learned a level 9 spell: Shatter
 71589 | Vaults:1 | Entered Level 1 of the Vaults
 71663 | Vaults:1 | Found Vaiwkowa's Food Shoppe.
 73567 | Vaults:1 | Found Qehyri Ycvo's Antique Armour Shoppe.
 73578 | Vaults:1 | Bought a pair of embroidered boots for 451 gold pieces
 74734 | Vaults:2 | Noticed Jorgrun
 74745 | Vaults:2 | Killed Jorgrun
 77397 | Vaults:3 | Noticed Frederick
 77402 | Vaults:3 | Killed Frederick
 77402 | Vaults:3 | Reached XP level 22. HP: 132/132 MP: 8/46
 77985 | Vaults:3 | Noticed Sojobo
 78647 | Vaults:3 | Found a staircase to the Crypt.
 78681 | Vaults:3 | Found Runlaedd's Distillery.
 78689 | Vaults:3 | Reached skill level 5 in Dodging
 78752 | Vaults:3 | Bought a potion of heal wounds for 100 gold pieces
 78752 | Vaults:3 | Bought a potion of heal wounds for 100 gold pieces
 79058 | Vaults:3 | Identified the Grimoire of Attacks (You acquired it on level 3 of the Vaults)
 79084 | Vaults:3 | Learned a level 7 spell: Delayed Fireball
 79223 | Vaults:3 | Killed Sojobo
 80951 | Vaults:4 | Found Voipruqyg's Antique Weapon Emporium.
 80958 | Vaults:4 | Found Fijeehex's Distillery.
 80970 | Vaults:4 | Bought a potion of heal wounds for 80 gold pieces
 80970 | Vaults:4 | Bought a potion of brilliance for 64 gold pieces
 80970 | Vaults:4 | Bought a potion of brilliance for 64 gold pieces
 81050 | Vaults:4 | Found Mamneure's Weapon Shop.
 81613 | Vaults:4 | Reached XP level 23. HP: 144/144 MP: 28/47
 81798 | Vaults:4 | Reached skill level 15 in Fighting
 82711 | Vaults:4 | Found Entuinuez's General Store.
 83079 | Vaults:5 | Entered Level 5 of the Vaults
 83079 | Vaults:5 | Noticed mora's ghost (adept DDFi)
 83090 | Vaults:5 | Killed mora's ghost
 83183 | Vaults:4 | Reached skill level 10 in Dodging
 83418 | Vaults:5 | Noticed a golden dragon
 83554 | Vaults:5 | Reached XP level 24. HP: 136/156 MP: 47/47
 84778 | Vaults:5 | Identified the Compendium of Stones and Dislocation
 84800 | Vaults:5 | Identified the Catalogue of Earthen Self-Improvement
 84806 | Vaults:5 | Got a silver rune of Zot
 84812 | Vaults:5 | Identified Sif Muna's Reference Book on Intoxication and Clay
 86509 | Vaults:5 | Got a bloodstained shortbow
 86515 | Vaults:5 | Identified the cursed +0 shortbow "Lomu" {flame, rPois Str+2} (You found it on level 5 of the Vaults)
 86588 | Vaults:5 | Got a jewelled trident {flame}
 86590 | Vaults:5 | Identified the cursed +2 trident "Daekk" {flame, +Rage rF++ Dex+4 Stlth+} (You took it off an ironheart preserver on level 5 of the Vaults)
 87232 | Snake:1  | Bought a scroll of recharging for 142 gold pieces
 87403 | D:13     | Learned a level 8 spell: Lehudib's Crystal Spear
 87822 | Depths:1 | Entered Level 1 of the Depths
 88121 | Depths:1 | Reached XP level 25. HP: 135/164 MP: 35/47
 88441 | Depths:1 | Found a one-way gate to the infinite horrors of the Abyss.
 89984 | Depths:1 | Found a gateway to Hell.
 91147 | Depths:2 | Found a gateway to a ziggurat.
 91589 | Depths:2 | Reached skill level 15 in Fire Magic
 93176 | Depths:3 | Found a one-way gate leading to the halls of Pandemonium.
 93997 | Depths:3 | Reached XP level 26. HP: 163/170 MP: 39/47
 95247 | Depths:3 | Gained mutation: You are resistant to hostile enchantments. (MR+) [potion of beneficial mutation]
 96167 | Depths:4 | Reached skill level 5 in Evocations
 97471 | Depths:5 | Entered Level 5 of the Depths
 98091 | Depths:5 | Noticed a juggernaut
 98214 | Depths:5 | Reached skill level 10 in Evocations
 98875 | Depths:4 | Reached XP level 27. HP: 129/176 MP: 10/47
 99019 | Depths:5 | Killed a juggernaut
100680 | Depths:5 | Got a steaming copper amulet
100705 | Depths:5 | Identified the amulet "Backevuqe" {Faith rF++ Str+5 Slay+2} (You found it on level 5 of the Depths)
100788 | Depths:5 | Found a gate to the Realm of Zot.
101460 | Crypt:1  | Entered Level 1 of the Crypt
101469 | Crypt:1  | Noticed Xtahua
101579 | Crypt:1  | Killed Xtahua
102287 | Crypt:1  | Reached skill level 5 in Staves
104213 | Crypt:3  | Entered Level 3 of the Crypt
105063 | Crypt:3  | Reached skill level 10 in Staves
105276 | Crypt:3  | Noticed Margery
105280 | Crypt:3  | Killed Margery
106778 | Crypt:3  | Noticed Jory
106787 | Crypt:3  | Killed Jory
106915 | Crypt:3  | Found a staircase to the Tomb.
107671 | Crypt:3  | Found a basalt altar of Yredelemnul.
108542 | Crypt:3  | Identified the Incunabulum of Sinister Rituals
108549 | Crypt:3  | Got a bloodstained spear
109675 | Crypt:3  | Got an iridescent arbalest
110120 | Elf:1    | Bought a scroll of acquirement for 832 gold pieces
110121 | Elf:1    | Got a wavering amber ring
110122 | Elf:1    | Identified the ring "Yvoug" {Ice rElec MP+9 Str-2 Int+7} (You acquired it on level 1 of the Elven Halls)
110383 | Snake:1  | Bought a scroll of acquirement for 728 gold pieces
110850 | Zot:1    | Entered Level 1 of the Realm of Zot
110924 | Zot:1    | Reached skill level 21 in Earth Magic
111238 | Zot:1    | Reached skill level 15 in Evocations
112236 | Zot:1    | Noticed an orb of fire
112237 | Zot:1    | Gained mutation: You are frail. (-10% HP) [an orb of fire]
112242 | Zot:1    | Gained mutation: You expend magic power (3 MP) to strengthen your wands. [an orb of fire]
112253 | Zot:1    | Gained mutation: You are very frail. (-20% HP) [an orb of fire]
112256 | Zot:1    | Killed an orb of fire
112256 | Zot:1    | Reached skill level 22 in Earth Magic
114344 | Zot:1    | Noticed an orb of fire
114352 | Zot:1    | Gained mutation: You are weak. (Str -2) [an orb of fire]
114358 | Zot:1    | Gained mutation: Armour fits poorly on your strangely shaped body. [an orb of fire]
114360 | Zot:1    | Killed an orb of fire
119331 | Zot:3    | Reached skill level 23 in Earth Magic
120105 | Zot:4    | HP: 6/140 [storm dragon (5)]
120115 | Zot:4    | HP: 1/140 [storm dragon (16)]
120117 | Zot:4    | Mangled by a death drake

Skill      XL: |  1  2  3  4  5  6  7  8  9 10 11 12 13 14 15 16 17 18 19 20 21 22 23 24 25 26 27 |
---------------+----------------------------------------------------------------------------------+-----
Earth Magic    | 4 6 8 10 11 14 16 20 23 | 23.3
Spellcasting   | 3 4 5 6 8 9 10 13 15 16 17 18 19 20 | 20.8
Maces & Flails | 1 |  1.3
Shields        | 2 4 6 |  6.1
Conjurations   | 5 7 8 9 10 14 15 18 20 22 | 22.1
Fighting       | 7 9 11 14 17 18 | 18.8
Fire Magic     | 4 10 12 13 16 17 | 17.7
Evocations     | 3 4 11 18 | 18.3
Dodging        | 3 8 11 12 | 12.7
Staves         | 13 | 13.0
Stealth        | |  2.2
Transmutations | |  0.7

Action                   |  1- 3 |  4- 6 |  7- 9 | 10-12 | 13-15 | 16-18 | 19-21 | 22-24 | 25-27 || total
-------------------------+-------+-------+-------+-------+-------+-------+-------+-------+-------++-------
Melee: Unarmed           |     1 |       |       |       |       |       |       |       |       ||     1
       Mace              |       |   103 |       |    19 |    14 |       |       |       |       ||   136
       Staff             |       |       |       |       |       |     2 |     3 |       |    30 ||    35
 Fire: Blowgun           |       |       |     9 |       |       |       |       |       |       ||     9
Throw: Stone             |       |       |     3 |       |       |       |       |       |       ||     3
       Throwing net      |       |       |       |     3 |       |       |     1 |       |       ||     4
 Cast: Sandblast         |    68 |    86 |   246 |    64 |    12 |     5 |       |       |       ||   481
       Stone Arrow       |       |       |    36 |   349 |   297 |   125 |    86 |    15 |    42 ||   950
       Lee's Rapid Decon |       |       |       |    69 |   254 |   156 |    45 |    52 |   246 ||   822
       Throw Flame       |       |       |       |     1 |       |       |       |       |       ||     1
       Iron Shot         |       |       |       |       |   112 |   158 |   109 |   165 |   351 ||   895
       Fireball          |       |       |       |       |       |   142 |   300 |    61 |    58 ||   561
       Petrify           |       |       |       |       |       |     1 |       |       |       ||     1
       Orb of Destructio |       |       |       |       |       |    65 |   241 |    94 |   485 ||   885
       Shatter           |       |       |       |       |       |       |    24 |    59 |   132 ||   215
       Delayed Fireball  |       |       |       |       |       |       |       |     1 |     1 ||     2
       Lehudib's Crystal |       |       |       |       |       |       |       |       |    15 ||    15
 Abil: Fly               |       |       |       |       |     1 |       |       |       |       ||     1
Evoke: Wand              |       |       |     2 |     4 |       |     4 |       |     5 |     6 ||    21
       Lamp of fire      |       |       |       |       |       |     1 |       |     1 |     4 ||     6
       Rod               |       |       |       |       |       |       |     1 |       |       ||     1
       Staff of energy   |       |       |       |       |       |       |       |       |   103 ||   103
       Disc of storms    |       |       |       |       |       |       |       |       |    15 ||    15
       Phantom mirror    |       |       |       |       |       |       |       |       |     1 ||     1
       Sack of spiders   |       |       |       |       |       |       |       |       |     1 ||     1
  Use: Scroll            |       |     6 |     1 |    17 |    17 |    22 |     6 |     7 |    28 ||   104
       Potion            |       |     1 |     1 |    11 |     1 |     2 |     2 |     3 |    15 ||    36
 Stab: Sleeping          |       |     3 |       |       |       |       |       |       |       ||     3
  Eat: Chunk             |     2 |     7 |     9 |    15 |    49 |    32 |    20 |    27 |    37 ||   198
       Meat ration       |       |       |     1 |     2 |       |     2 |     4 |     1 |     6 ||    16
       Fruit             |       |       |       |     2 |    13 |       |     4 |     6 |     5 ||    30
       Royal jelly       |       |       |       |     2 |     1 |     1 |     1 |       |     3 ||     8
       Bread ration      |       |       |       |     3 |     2 |     8 |     6 |     3 |    14 ||    36
       Pizza             |       |       |       |     1 |     1 |     2 |     3 |       |     3 ||    10
       Beef jerky        |       |       |       |       |       |     4 |     2 |     1 |     3 ||    10
Armor: Robe              |    15 |    54 |    46 |    58 |    40 |    57 |    88 |    59 |   330 ||   747
       Leather armour    |       |       |       |    59 |    85 |    27 |       |       |       ||   171
Dodge: Dodged            |    21 |    90 |    77 |   135 |   106 |    84 |    92 |    64 |   571 ||  1240
Block: Buckler           |       |     8 |    28 |    56 |    36 |     1 |    53 |    73 |   478 ||   733
       Shield            |       |       |       |       |    77 |   107 |   120 |       |       ||   304
       Reflection        |       |       |       |       |       |       |    33 |    23 |    47 ||   103
